 Dungeon Crawl Stone Soup version 0.17-a0-2147-gfb20a63 (webtiles) character file.

7363 wvc the Spear-Bearer (level 11, -1/81 HPs)
             Began as a Merfolk Skald on Oct 24, 2015.
             Was a High Priest of Cheibriados.
             Slain by Gastronok (27 damage)
             ... on level 10 of the Dungeon.
             The game lasted 00:27:24 (12683 turns).

wvc the Spear-Bearer (Merfolk Skald)               Turns: 12683, Time: 00:27:24

Health: -1/81      AC: 10    Str: 23    XL:     11   Next: 14%
Magic:  15/15      EV: 15    Int: 25    God:    Cheibriados [*****.]
Gold:   693        SH:  0    Dex: 30    Spells: 1 memorised, 11 levels left

rFire  + . .     SeeInvis .     o - +1 lajatang (pain)
rCold  . . .     Clarity  +     N - +2 robe "Nyixes" {rN+ Stlth+}
rNeg   + . .     SustAt   .     (no shield)
rPois  +         Gourm    .     (no helmet)
rElec  .         Spirit   .     e - +0 cloak
rCorr  .         Warding  .     g - +0 pair of gloves
rMut   .         Stasis   .     l - +0 pair of boots
MR     .....                    D - amulet of clarity
Stlth  +++.......               t - ring of protection from fire
                                R - +4 ring of dexterity

@: lethally poisoned (-1 -> -3), very slow, not resistant to hostile
enchantments, fairly stealthy
A: change form in water, swift swim, yellow scales 1, poison resistance
a: Bend Time, Temporal Distortion, Slouch, Step From Time, Renounce Religion


You were on level 10 of the Dungeon.
You worshipped Cheibriados.
Cheibriados was extremely pleased with you.
You were not hungry.

You visited 1 branch of the dungeon, and saw 10 of its levels.

You collected 693 gold pieces.

Inventory:

Hand Weapons
 a - a +0 spear
 o - a +1 lajatang of pain (weapon)
Armour
 e - a +0 cloak (worn)
 g - a +0 pair of gloves (worn)
 j - a +1 shield
 l - a +0 pair of boots (worn)
 q - a +3 ring mail
 N - the +2 robe "Nyixes" (worn) {rN+ Stlth+}
   (You found it on level 9 of the Dungeon)

   It protects you from negative energy.
   It makes you more stealthy.
Jewellery
 h - an uncursed amulet of resist corrosion
 r - an uncursed ring of protection from cold
 t - a ring of protection from fire (right hand)
 D - an amulet of clarity (around neck)
 E - an uncursed ring of magical power
 F - an uncursed ring of flight
 L - an uncursed amulet of stasis
 R - a +4 ring of dexterity (left hand)
Wands
 b - a wand of frost (25)
 k - a wand of disintegration (10)
 w - a wand of magic darts (28)
 y - a wand of slowing (38)
 G - a wand of flame (23)
 I - a wand of fire (3)
 J - a wand of flame (17)
Scrolls
 f - 2 scrolls of teleportation
 s - 2 scrolls of magic mapping
 u - 4 scrolls of remove curse
 x - a scroll of summoning
 A - a scroll of immolation
 M - 2 scrolls of enchant armour
 O - a scroll of silence
Potions
 m - 7 potions of curing
 n - 2 potions of heal wounds
 v - 2 potions of cancellation
 P - a potion of cure mutation {unknown}
Books
 c - a book of Battle

   Spells                             Type                      Level
   a - Infusion                       Charms                       1
   b - Shroud of Golubria             Charms/Translocation         2
   c - Song of Slaying                Charms                       2
   d - Spectral Weapon                Hexes/Charms                 3
   e - Regeneration                   Charms/Necromancy            3
 i - a book of Necromancy

   Spells                             Type                      Level
   a - Pain                           Necromancy                   1
   b - Animate Skeleton               Necromancy                   1
   c - Vampiric Draining              Necromancy                   3
   d - Regeneration                   Charms/Necromancy            3
   e - Animate Dead                   Necromancy                   4
   f - Control Undead                 Necromancy                   4
 B - a book of the Warp

   Spells                             Type                      Level
   a - Recall                         Summoning/Translocation      3
   b - Gell's Gravitas                Hexes/Translocation          3
   c - Force Lance                    Conjuration/Translocation    4
   d - Phase Shift                    Translocation                5
   e - Warp Weapon                    Charms/Translocation         5
   f - Summon Forest                  Summoning/Translocation      5
 H - a book of Summonings

   Spells                             Type                      Level
   a - Recall                         Summoning/Translocation      3
   b - Aura of Abjuration             Summoning                    5
   c - Shadow Creatures               Summoning                    5
   d - Summon Demon                   Summoning                    5
   e - Summon Forest                  Summoning/Translocation      5
   f - Summon Mana Viper              Hexes/Summoning              5
 K - a book of Hinderance

   Spells                             Type                      Level
   a - Confusing Touch                Hexes                        2
   b - Confuse                        Hexes                        3
   c - Gell's Gravitas                Hexes/Translocation          3
   d - Petrify                        Transmutation/Earth          4
   e - Metabolic Englaciation         Hexes/Ice                    5
Comestibles
 d - 10 bread rations
 p - 4 meat rations
 z - a royal jelly


   Skills:
 - Level 6.1 Fighting
 - Level 11.8(12.8) Polearms
 * Level 4.7(6.6) Staves
 - Level 6.7 Armour
 - Level 3.0 Dodging
 - Level 8.7 Shields
 - Level 2.0 Spellcasting
 - Level 3.2 Charms
 * Level 2.0 Necromancy
 + Level 5.5 Invocations
 + Level 1.0 Evocations


You had 11 spell levels left.
You knew the following spells:

 Your Spells              Type           Power        Failure   Level  Hunger
a - Regeneration          Chrm/Necr      ###.......   12%         3    ###....


Dungeon Overview and Level Annotations

Branches:
Dungeon (10/15)            Temple (0/1) D:6
   Lair: D:8-11         Orc: D:9-12

Altars:
Ashenzari
Cheibriados
Dithmenos
Fedhas
Nemelex Xobeh
Qazlal
Ru
Sif Muna
Vehumet
Xom
Yredelemnul
Zin
The Shining One

Annotations:
D:8 Maurice
D:9 exclusion: oklob plant
D:10 Armakuni's ghost, journeyman DEWn; Gastronok


Innate Abilities, Weirdness & Mutations

You revert to your normal form in water.
You are very nimble and swift while swimming.
You are partially covered in yellow scales (AC +2).
Your system is resistant to poisons.


Message History

You feel sick.
You feel sick.
A killer bee comes into view.
Things that are here:
a dire flail; a leather armour; a blue potion Armakuni's ghost (journeyman Deep Elf Wanderer) comes into view.
You feel sick.
The killer bee moves out of view.
Armakuni's ghost turns its malevolent gaze towards you.
You hit Gastronok.
Gastronok writhes in agony.
Gastronok is lightly wounded.
You hit Gastronok.
Gastronok is lightly wounded.
You feel sick. Gastronok bites you!
You slash Gastronok!
Gastronok writhes in agony.
Gastronok is lightly wounded.
A killer bee comes into view.
You completely miss Gastronok.
Gastronok is lightly wounded.
The killer bee moves out of view.
Gastronok bites you!!
You die...

....... .....# . . #...#
.
..#########...#########.
...(....................
..()....................
......y......./.........
.....Ww$......######....
.......@......# #....
........)....(######....
.........((.............
..........######...#####
#.######..# #...# # #
#... .....##### .....
... ...... ....### ###
.##### ##...#


You could see Gastronok, a killer bee and Armakuni's ghost.

Vanquished Creatures
  Urug (D:10)
  Nergalle (D:10)
  A two-headed ogre (D:8)
  The ghost of tp1 the Magician, an amateur DECj (D:4)
  A spriggan (D:8)
  A deep elf mage (D:7)
  2 hungry ghosts
  Menkaure (D:7)
  Edmund (D:6)
  4 ice beasts
  4 centaurs
  5 ogres
  A phantom (D:7)
  A big kobold (D:7)
  4 giant frogs
  A scorpion (D:8)
  4 wights (D:9)
  A crimson imp (D:7)
  A centaur zombie (D:5)
  4 hounds
  A giant frog zombie (D:4)
  A jelly (D:5)
  6 iguanas
  A gnoll shaman (D:4)
  6 orc priests
  11 orc wizards
  2 giant frog skeletons
  7 worker ants
  A killer bee zombie (D:6)
  A hound skeleton (D:6)
  12 gnolls
  11 adders
  3 shadow imps
  An ooze (D:4)
  3 worms
  8 giant geckos
  49 orcs
  4 giant cockroaches
  9 hobgoblins
  19 jackals
  3 quokkas
  7 bats
  6 giant newts
  8 goblins
  13 kobolds
  2 quokka skeletons (D:5)
  A quokka zombie (D:6)
  10 rats
246 creatures vanquished.

Vanquished Creatures (others)
  2 fungi (D:9)
  14 toadstools (D:9)
16 creatures vanquished.

Grand Total: 262 creatures vanquished

Notes
Turn   | Place    | Note
--------------------------------------------------------------
     0 | D:1      | wvc the Merfolk Skald began the quest for the Orb.
     0 | D:1      | Reached XP level 1. HP: 16/16 MP: 3/3
   395 | D:1      | Reached XP level 2. HP: 20/22 MP: 5/5
   584 | D:1      | Reached skill level 1 in Armour
   674 | D:1      | Reached skill level 4 in Polearms
   912 | D:2      | Found a faded altar to an unknown god.
   954 | D:2      | Reached XP level 3. HP: 7/27 MP: 6/6
  1343 | D:2      | Found a sparkling altar of Nemelex Xobeh.
  1471 | D:2      | Found a glowing silver altar of Zin.
  1617 | D:2      | Found a radiant altar of Vehumet.
  1719 | D:2      | Reached XP level 4. HP: 25/33 MP: 7/7
  1773 | D:2      | Reached skill level 5 in Polearms
  2441 | D:2      | Reached skill level 1 in Shields
  2441 | D:2      | Reached XP level 5. HP: 10/38 MP: 8/8
  2996 | D:3      | Reached skill level 6 in Polearms
  3428 | D:3      | Reached XP level 6. HP: 44/44 MP: 9/9
  4191 | D:3      | HP: 2/44 [gnoll/flail (6)]
  4754 | D:4      | Reached skill level 7 in Polearms
  5040 | D:4      | Found a sacrificial altar of Ru.
  5105 | D:4      | Reached XP level 7. HP: 40/50 MP: 10/10
  5161 | D:4      | Found a snail-covered altar of Cheibriados.
  5173 | D:4      | Became a worshipper of Cheibriados the Contemplative
  5181 | D:4      | Noticed tp1's ghost (amateur DECj)
  5205 | D:4      | Killed tp1's ghost
  5205 | D:4      | Reached skill level 8 in Polearms
  5940 | D:4      | Found a glowing golden altar of the Shining One.
  5999 | D:4      | Reached skill level 5 in Shields
  6428 | D:5      | Entered Level 5 of the Dungeon
  6450 | D:5      | Reached skill level 9 in Polearms
  6609 | D:5      | Reached skill level 1 in Evocations
  6609 | D:5      | Reached XP level 8. HP: 43/56 MP: 11/11
  6751 | D:5      | Reached * piety under Cheibriados
  7160 | D:5      | Reached skill level 10 in Polearms
  7448 | D:5      | Gained mutation: You are partially covered in yellow scales (AC +2). [potion of mutation]
  7448 | D:5      | Gained mutation: Your system is resistant to poisons. [potion of mutation]
  7603 | D:6      | Reached ** piety under Cheibriados
  7924 | D:6      | Noticed Edmund
  7932 | D:6      | Reached skill level 11 in Polearms
  7959 | D:6      | Found a staircase to the Ecumenical Temple.
  7981 | D:6      | Killed Edmund
  7981 | D:6      | Reached XP level 9. HP: 38/61 MP: 12/12
  8341 | D:6      | Reached *** piety under Cheibriados
  8520 | D:6      | Got a faintly glowing mace
  8521 | D:6      | Identified the +3 mace of Mujaitze {speed, *Contam Dex+6} (You found it on level 6 of the Dungeon)
  8525 | D:6      | Reached skill level 5 in Invocations
  8525 | D:6      | Reached XP level 10. HP: 67/76 MP: 12/14
  9213 | D:7      | Learned a level 3 spell: Regeneration
  9272 | D:7      | Found a glowing silver altar of Zin.
  9277 | D:7      | Noticed Menkaure
  9290 | D:7      | Killed Menkaure
  9402 | D:7      | Reached **** piety under Cheibriados
 10301 | D:7      | Reached skill level 1 in Staves
 10301 | D:7      | Reached skill level 1 in Necromancy
 10306 | D:7      | Found a stormy altar of Qazlal.
 10417 | D:7      | Found a shattered altar of Ashenzari.
 10997 | D:8      | Noticed Maurice
 11083 | D:8      | Found a deep blue altar of Sif Muna.
 11184 | D:8      | Found a basalt altar of Yredelemnul.
 11184 | D:8      | Found a shimmering altar of Xom.
 11188 | D:8      | Found a shadowy altar of Dithmenos.
 11867 | D:9      | Got a transparent robe
 11878 | D:9      | Identified the +2 robe "Nyixes" {rN+ Stlth+} (You found it on level 9 of the Dungeon)
 12097 | D:9      | Found a blossoming altar of Fedhas.
 12104 | D:9      | Reached ***** piety under Cheibriados
 12122 | D:9      | Noticed an oklob plant
 12361 | D:10     | Entered Level 10 of the Dungeon
 12372 | D:10     | Noticed Nergalle
 12400 | D:10     | Killed Nergalle
 12400 | D:10     | Reached XP level 11. HP: 35/81 MP: 15/15
 12661 | D:10     | Noticed Urug
 12674 | D:10     | Noticed Gastronok
 12677 | D:10     | Killed Urug
 12679 | D:10     | Noticed Armakuni's ghost (journeyman DEWn)
 12683 | D:10     | Slain by Gastronok

Vault maps used:
D:1:      minmay_arrival_three_doors
D:2:      zin_scriptorium, fiery_altar_vehumet, ecumenical_altar_2,
          nemelex_xobeh_ov_fountains_minmay
D:3:      minmay_goblin_kobold_house
D:4:      cheibriados_altar_1, lemuel_crystal_altar,
          nicolae_ru_sacrificial_ziggurat, first_bread
D:5:      nicolae_overflow_hidden_temple
D:6:      wad_river_or_something, minmay_temple_entry_statues_fountains,
          portal_sewer_entry_d, minmay_bad_closet,
          hangedman_abyss_or_decor_passed, minmay_misc_feat_iff, uniq_edmund
D:7:      lemuel_crystal_altar, ashenzari_conservatory_becter, basic_altar,
          uniq_menkaure
D:8:      lemuel_doored_altar, gammafunk_temple_overflow_forgotten, the_bakery,
          kennysheep_cross_room, uniq_maurice
D:9:      tgw_fedhas
D:10:     serial_shops, shop, uniq_gastronok, uniq_nergalle, uniq_urug

Action                   |  1- 3 |  4- 6 |  7- 9 | 10-12 || total
-------------------------+-------+-------+-------+-------++-------
Melee: Spear             |   144 |   551 |   694 |   130 ||  1519
       Lajatang          |       |       |       |   230 ||   230
Throw: Throwing net      |       |       |     2 |     2 ||     4
       Javelin           |       |       |       |     8 ||     8
 Cast: Regeneration      |       |       |       |     1 ||     1
Evoke: Wand              |       |     6 |       |       ||     6
  Use: Scroll            |       |    10 |     4 |    12 ||    26
       Potion            |       |       |     5 |     5 ||    10
 Stab: Held in net/web   |       |       |     4 |     1 ||     5
       Sleeping          |       |       |       |     1 ||     1
  Eat: Beef jerky        |     1 |       |     1 |     4 ||     6
       Pizza             |     1 |       |       |       ||     1
       Chunk             |       |     8 |     2 |     8 ||    18
       Bread ration      |       |     1 |       |       ||     1
       Meat ration       |       |       |     1 |     1 ||     2
       Fruit             |       |       |     2 |       ||     2
